 Dungeon Crawl Stone Soup version 0.31-a0-1612-g4aaf141004 (webtiles) character file.

Game seed: 9948471115655319421

1164 bmb222 the Trooper (level 8, -3/67 HPs)
             Began as a Formicid Fighter on Jan 9, 2024.
             Was an Initiate of Okawaru.
             Slain by a gnoll
             ... wielding a +0 whip
              (6 damage)
             ... on level 4 of the Dungeon.
             The game lasted 00:04:26 (3963 turns).

bmb222 the Trooper (Formicid Fighter)               Turns: 3963, Time: 00:04:27

Health: -3/67      AC:  8    Str: 23    XL:     8   Next: 67%
Magic:  8/8        EV:  9    Int:  8    God:    Okawaru [......]
Gold:   296        SH:  5    Dex: 13    Spells: 7/7 levels left

rFire   . . .        h - +0 whip (flame)
rCold   . . .        c - +0 buckler
rNeg    . . .        b - +0 scale mail
rPois   .            (helmet unavailable)
rElec   .            (no cloak)
rCorr   .            w - +0 pair of gloves
SInv    +            (no boots)
Will    ++...        (no amulet) Stlth
                     f - ring of willpower
HPRegen 0.31/turn    r - ring of willpower
MPRegen 0.11/turn

%: no passive effects
@: no status effects
A: permanent stasis, dig shafts and tunnels, antennae 3, four strong arms
a: Dig, Shaft Self, Renounce Religion


You were on level 4 of the Dungeon.
You worshipped Okawaru.
Okawaru was noncommittal.
You visited 1 branch of the dungeon, and saw 5 of its levels.

You collected 296 gold pieces.

Inventory:

Hand Weapons
 a - a +0 flail
 h - a +0 whip of flaming (weapon)
Missiles
 u - 4 boomerangs
 y - 4 curare-tipped darts
Armour
 b - a +0 scale mail (worn)
 c - a +0 buckler (worn)
 g - a +0 plate armour
 w - a +0 pair of gloves (worn)
Jewellery
 f - a ring of willpower (left hand)
 r - a ring of willpower (right hand)
 z - a +6 ring of strength
Wands
 i - a wand of roots (3)
 l - a wand of flame (13)
 v - a wand of charming (8)
Scrolls
 j - 2 scrolls of enchant weapon {unknown}
 m - a scroll of revelation {unknown}
 n - a scroll of summoning {unknown}
 o - 3 scrolls of teleportation {unknown}
 p - a scroll of enchant armour {unknown}
 q - 7 scrolls of identify {unknown}
 s - a scroll of noise {unknown}
 x - a scroll of vulnerability {unknown}
 C - a scroll of fog {unknown}
Potions
 d - a potion of attraction {unknown}
 e - a potion of ambrosia {unknown}
 k - 2 potions of heal wounds {unknown}
 t - a potion of mutation {unknown}
 A - a potion of brilliance {unknown}
 B - a potion of resistance {unknown}


   Skills:
 * Level 7.1 Fighting
 + Level 4.9 Maces & Flails
 + Level 5.9 Armour
 + Level 7.1 Shields


You had 7 spell levels left.
You didn't know any spells.
Your spell library contained the following spells:

 Spells                   Type           Power      Damage    Failure   Level
 Cigotuvi's Dreadful Rot  Necr/Alch/Air  0%         N/A       88%         2
 Ignite Poison            Fire/Alch      0%         N/A       100%        4
 Freezing Cloud           Conj/Ice/Air   0%         6-21      100%        5


Dungeon Overview and Level Annotations

Branches:
Dungeon (5/15)
 Temple: D:4-7

Altars:
Ashenzari
Okawaru
Ru
Uskayaw

Shops:
D:5 ?


Innate Abilities, Weirdness & Mutations

You cannot be hasted, slowed, berserked, paralysed or teleported.
You can dig through walls and to a lower floor.
You have a pair of large antennae on your head. (SInv)
Your four strong arms can wield two-handed weapons with a shield.


Message History

You barely miss the gnoll. The gnoll closely misses you.
You block the gnoll's attack.
The gnoll hits you from afar with a +0 spear.
Unknown command.
The gnoll hits you but does no damage. The gnoll closely misses you.
The gnoll attacks as it pursues you! The gnoll hits you but does no damage.
The gnoll attacks as it pursues you!
The gnoll hits you from afar with a +0 spear.
* * * LOW HITPOINT WARNING * * *
The gnoll attacks as it pursues you! The gnoll barely misses you.
The gnoll attacks as it pursues you!
The gnoll hits you from afar with a +0 spear.
* * * LOW HITPOINT WARNING * * *
There is an open door here.
The gnoll attacks as it pursues you! The gnoll hits you with a +0 whip.
* * * LOW HITPOINT WARNING * * *
The gnoll attacks as it pursues you! The gnoll hits you with a +0 whip.
* * * LOW HITPOINT WARNING * * *
The gnoll hits you with a +0 whip.
* * * LOW HITPOINT WARNING * * *
There is a stone staircase leading up here.
You block the gnoll's attack. The gnoll closely misses you.
You climb upwards.
There is a stone staircase leading down here.
Unknown command.
You hit the gnoll but do no damage. The gnoll hits you with a +0 whip.
* * * LOW HITPOINT WARNING * * *
You whack the gnoll! You burn the gnoll.
The gnoll is heavily wounded.
You block the gnoll's attack.
You hit the gnoll. You burn the gnoll.
The gnoll is almost dead.
You block the gnoll's attack.
You barely miss the gnoll.
The gnoll is almost dead.
The gnoll hits you but does no damage.
You closely miss the gnoll.
The gnoll is almost dead.
The gnoll hits you with a +0 whip.
You die...

....##.....#.#......^..##...##
....##.....#....^.>..^.#.....##
..#..#.........^...^..........#
####.....#...#.^.....^........#
#####......###.....^...#......#
............<##.^^....##.....##
.##...#......###....^####...###
.##))........####..#####......#
)...).#.........@.## #.#......#
..))..#.........g## #........#
.................######.......#
##.####............)†)).......#
##.# #..........#######......#
##.# ######.######## #......#
#..# #........# #......# #.##
#.[......# ######## ..#
##.......#


You could see a gnoll.

Vanquished Creatures
  Pikel (D:4)
  Sigmund (D:4)
  2 lemures (D:4)
  A scorpion (D:4)
  2 hounds (D:4)
  A jelly (D:4)
  2 orc priests
  Jessica (D:3)
  Ijyb (D:3)
  2 iguanas
  An orc wizard (D:4)
  2 sleepcaps
  Robin (D:2)
  6 adders
  2 dart slugs
  9 ribbon worms
  17 orcs
  7 ball pythons
  4 endoplasms
  2 giant cockroaches
  9 goblins
  4 hobgoblins (D:2)
  2 jackals (D:1)
  8 kobolds
  3 quokkas (D:3)
  5 bats
  3 frilled lizards
99 creatures vanquished.

Notes
Turn   | Place    | Note
-------+----------+-------------------------------------------
     0 | D:1      | bmb222 the Formicid Fighter began the quest for the Orb.
     0 | D:1      | Reached XP level 1. HP: 18/18 MP: 1/1
   151 | D:1      | Reached XP level 2. HP: 23/24 MP: 2/2
   702 | D:2      | Reached XP level 3. HP: 14/29 MP: 3/3
   834 | D:2      | Noticed Robin
   844 | D:2      | Killed Robin
   845 | D:2      | Reached XP level 4. HP: 30/37 MP: 4/4
  1195 | D:2      | Reached XP level 5. HP: 42/42 MP: 5/5
  1530 | D:3      | Reached skill level 5 in Shields
  1600 | D:3      | Noticed Jessica
  1608 | D:3      | Killed Jessica
  1907 | D:3      | Noticed Ijyb
  1918 | D:3      | HP: 1/42 [constriction (4)]
  1924 | D:3      | Killed Ijyb
  2247 | D:3      | Reached XP level 6. HP: 49/49 MP: 6/6
  2630 | D:4      | Noticed Sigmund
  2660 | D:4      | Killed Sigmund
  2661 | D:4      | Reached skill level 5 in Fighting
  2661 | D:4      | Reached XP level 7. HP: 33/56 MP: 7/7
  2800 | D:4      | Reached skill level 5 in Armour
  3287 | D:4      | Found a broken altar of Ashenzari.
  3288 | D:4      | Noticed Pikel
  3304 | D:4      | Killed Pikel
  3305 | D:4      | Reached XP level 8. HP: 67/67 MP: 8/8
  3648 | D:4      | Found a faded altar of an unknown god.
  3648 | D:4      | Found a sacrificial altar of Ru.
  3660 | D:4      | Found a hide-covered altar of Uskayaw.
  3662 | D:4      | Found a faded altar of an unknown god.
  3663 | D:4      | Found an iron altar of Okawaru.
  3686 | D:4      | Became a worshipper of Warmaster Okawaru
  3754 | D:5      | Entered Level 5 of the Dungeon
  3805 | D:5      | Found Axtuhel's Magic Scroll Boutique.
  3959 | D:4      | HP: 1/67 [gnoll/+0 whip (6)]
  3963 | D:4      | Slain by a gnoll

Illustrated notes

Levels and vault maps discovered:
D:1:      minmay_arrival_hallway, layout_loops_ring
D:2:      cheibrodos_pilgrimage, layout_loops_ring, uniq_robin
D:3:      layout_basic, uniq_jessica, uniq_ijyb
D:4:      layout_rooms, mainiacjoe_overflow_small_starburst,
          chequers_temple_overflow_minitemple, nicolae_wormholes, uniq_pikel,
          uniq_sigmund
D:5:      layout_basic, marbit_many_paths, serial_shops, nicolae_stop_n_shop_2

Skill      XL: |  1  2  3  4  5  6  7 |
---------------+----------------------+-----
Fighting       | 4 5 7 |  7.1
Armour         | 4 5 |  5.9
Maces & Flails | 3 4 |  4.9
Shields        | 5 7 |  7.1

Action                     |  1- 3 |  4- 6 |  7- 9 || total
---------------------------+-------+-------+-------++-------
  Melee: Flail             |    79 |   151 |   110 ||   340
         Whip              |       |       |    58 ||    58
Ability: Dig               |       |       |     3 ||     3
  Evoke: Wand              |       |       |     1 ||     1
    Use: Potion            |       |     3 |       ||     3
         Scroll            |       |       |     1 ||     1
 Armour: Scale mail        |    56 |   114 |   117 ||   287
         Skin              |       |     5 |       ||     5
  Dodge: Dodged            |    47 |    68 |    73 ||   188
  Block: Buckler           |    28 |    36 |    43 ||   107

Table legend: (Time is in decaauts)
 A = Elapsed time spent in this place.
 B = Non-inter-level travel time spent in this place.
 C = Inter-level travel time spent in this place.
 D = Time resting spent in this place.
 E = Time spent auto-exploring this place.
 F = Levels seen in this place.
 G = Mean time per level.
                   A        B        C        D        E       F      G
               +--------+--------+--------+--------+--------+-----+--------+
         Total |   4048 |   3906 |    142 |    630 |   2287 |   5 |  809.6 |
       Dungeon |   4048 |   3906 |    142 |    630 |   2287 |   5 |  809.6 |
               +--------+--------+--------+--------+--------+-----+--------+

Top non-repeatable levels by time:
     D:4: 1191 daAuts
     D:3: 1158 daAuts
     D:2: 803 daAuts
     D:1: 695 daAuts
     D:5: 200 daAuts
